General information
- name: BNet
- type: Ladder team game (AT/RT)
- host: Battle.net
- saver: talk.oriTK
map: FullScaleAssault
- players: 8
- length: 13:36
- speed: Fast
- version: 1.26 W3XP
- replay type: Public
» download(89 KB)
Players
team 1 (winner)

»
tryingrandom (
yellow | 181 APM | 2459 actions | 13:35)
4 Blademaster
2 Wind Walk
2 Critical Strike
3 Tauren Chieftain
2 War Stomp
1 Endurance Aura
» actions
| Assign group hotkey | 25 | |
| Basic commands | 204 | |
| Build / train | 74 | |
| ESC pressed | 1 | |
| Enter build submenu | 11 | |
| Enter hero's abilities submenu | 7 | |
| Give item / drop item | 7 | |
| Right click | 635 | |
| Select / deselect | 270 | |
| Select group hotkey | 1097 | |
| Use ability | 127 | |
2459 total
» units
| Peon | 7 | |
| Grunt | 22 | |
| Raider | 6 | |
| Spirit Walker | 2 | |
37 total
» upgrades
| Berserker Strength | 1 | |
| Backpack | 1 | |
| Ensnare | 1 | |
| Spirit Walker Training | 1 | |
4 total
» buildings
| Altar of Storms | 1 | |
| Orc Burrow | 4 | |
| Barracks | 1 | |
| Voodoo Lounge | 2 | |
| Stronghold | 4 | |
| Beastiary | 1 | |
| Spirit Lodge | 1 | |
| Fortress | 2 | |
| Great Hall | 1 | |
17 total
» build order
00:04 Altar of Storms
00:15 Orc Burrow
00:38 Barracks
01:27 Orc Burrow
01:50 Voodoo Lounge
01:58 Voodoo Lounge
02:50 Stronghold
02:50 Stronghold
02:50 Stronghold
04:19 Orc Burrow
05:18 Beastiary
05:57 Spirit Lodge
07:51 Fortress
07:51 Fortress
07:54 Orc Burrow
09:36 Great Hall
» items
| Healing Salve | 4 | |
| Lesser Clarity Potion | 5 | |
| Scroll of Speed | 2 | |
| Boots of Speed | 1 | |
12 total
massofwispss (
purple | 40 APM | 542 actions | 13:35)
4 Shadow Hunter
2 Hex
2 Healing Wave
3 Blademaster
2 Wind Walk
1 Critical Strike
» actions
| Assign group hotkey | 6 | |
| Build / train | 50 | |
| ESC pressed | 5 | |
| Enter build submenu | 19 | |
| Enter hero's abilities submenu | 7 | |
| Give item / drop item | 1 | |
| Right click | 221 | |
| Select / deselect | 190 | |
| Select group hotkey | 4 | |
| Use ability | 39 | |
542 total
» units
| Peon | 10 | |
| Troll Headhunter/Berserker | 10 | |
| Wind Rider | 4 | |
| Shaman | 3 | |
27 total
» upgrades
| Armor | 3 | |
| Ranged Weapons | 2 | |
| Spiked Barricades | 1 | |
| Troll Regeneration | 1 | |
| Shaman Training | 2 | |
| Berserker Upgrade | 1 | |
| Envenomed Spears | 1 | |
11 total
» buildings
| Altar of Storms | 1 | |
| Orc Burrow | 6 | |
| War Mill | 1 | |
| Barracks | 1 | |
| Watch Tower | 1 | |
| Voodoo Lounge | 1 | |
| Stronghold | 1 | |
| Spirit Lodge | 1 | |
| Beastiary | 1 | |
| Fortress | 1 | |
15 total
» build order
00:11 Altar of Storms
00:28 Orc Burrow
00:55 War Mill
01:26 Barracks
02:01 Orc Burrow
03:25 Watch Tower
04:37 Voodoo Lounge
04:43 Orc Burrow
05:02 Stronghold
05:44 Orc Burrow
07:28 Spirit Lodge
07:34 Beastiary
08:21 Fortress
09:40 Orc Burrow
10:33 Orc Burrow
» items

»
jmastaflex (
teal | 21 APM | 291 actions | 13:35)
2 Death Knight
1 Death Coil
1 Unholy Aura
» actions
| Assign group hotkey | 8 | |
| Build / train | 32 | |
| Enter build submenu | 12 | |
| Enter hero's abilities submenu | 2 | |
| Right click | 122 | |
| Select / deselect | 90 | |
| Select group hotkey | 9 | |
| Use ability | 15 | |
291 total
» units
| Acolyte | 6 | |
| Ghoul | 4 | |
| Crypt Fiend | 11 | |
| Giant Sea Turtle | 1 | |
22 total
» upgrades
| Creature Attack | 1 | |
| Creature Carapace | 1 | |
| Web | 1 | |
3 total
» buildings
| Graveyard | 1 | |
| Crypt | 2 | |
| Ziggurat | 4 | |
| Altar of Darkness | 1 | |
| Nerubian Tower | 2 | |
| Tomb of Relics | 1 | |
| Halls of the Dead | 1 | |
| Spirit Tower | 1 | |
13 total
» build order
00:24 Graveyard
00:35 Crypt
00:50 Ziggurat
01:28 Altar of Darkness
02:03 Nerubian Tower
02:55 Crypt
03:13 Ziggurat
04:29 Ziggurat
06:18 Nerubian Tower
06:22 Tomb of Relics
06:25 Halls of the Dead
07:40 Spirit Tower
09:00 Ziggurat

»
talk.oriTK (
green | 43 APM | 583 actions | 13:36)
3 Archmage
2 Blizzard
1 Brilliance Aura
» actions
| Build / train | 41 | |
| Enter build submenu | 27 | |
| Enter hero's abilities submenu | 3 | |
| Remove unit from queue | 1 | |
| Right click | 256 | |
| Select / deselect | 213 | |
| Use ability | 42 | |
583 total
» units
| Peasant | 12 | |
| Mortar Team | 12 | |
| Sorceress | 6 | |
30 total
» upgrades
| Gunpowder | 1 | |
| Sorceress Training | 1 | |
| Fragmentation Shards | 1 | |
3 total
» buildings
| Farm | 11 | |
| Altar of Kings | 1 | |
| Lumber Mill | 1 | |
| Keep | 2 | |
| Blacksmith | 1 | |
| Workshop | 2 | |
| Arcane Sanctum | 1 | |
| Castle | 1 | |
| Town Hall | 1 | |
| Arcane Vault | 1 | |
22 total
» build order
00:39 Farm
01:16 Farm
01:53 Farm
01:59 Altar of Kings
02:07 Lumber Mill
02:49 Keep
02:49 Keep
03:13 Farm
03:41 Blacksmith
03:49 Farm
04:28 Farm
05:11 Workshop
05:11 Workshop
05:14 Arcane Sanctum
05:19 Castle
06:26 Town Hall
09:00 Farm
09:02 Farm
09:37 Farm
09:40 Farm
10:23 Farm
13:06 Arcane Vault
team 2 (loser)
keltius (
pink | 32 APM | 430 actions | 13:35)
4 Shadow Hunter
2 Healing Wave
2 Hex
2 Tauren Chieftain
1 Endurance Aura
1 War Stomp
» actions
| Assign group hotkey | 13 | |
| Build / train | 31 | |
| Enter build submenu | 22 | |
| Enter hero's abilities submenu | 6 | |
| Give item / drop item | 1 | |
| Right click | 163 | |
| Select / deselect | 129 | |
| Select group hotkey | 22 | |
| Use ability | 43 | |
430 total
» units
» upgrades
» buildings
| Altar of Storms | 1 | |
| Orc Burrow | 5 | |
| Barracks | 1 | |
| Voodoo Lounge | 1 | |
| Stronghold | 1 | |
| Great Hall | 2 | |
| War Mill | 1 | |
| Watch Tower | 4 | |
| Spirit Lodge | 2 | |
| Fortress | 1 | |
19 total
» build order
00:14 Altar of Storms
00:22 Orc Burrow
00:51 Barracks
01:35 Orc Burrow
02:24 Voodoo Lounge
03:14 Orc Burrow
04:21 Stronghold
04:34 Great Hall
04:50 Orc Burrow
05:26 Orc Burrow
05:32 War Mill
06:45 Watch Tower
07:29 Spirit Lodge
07:56 Watch Tower
09:08 Watch Tower
09:15 Fortress
10:20 Watch Tower
10:33 Spirit Lodge
12:44 Great Hall
» items
| Lesser Clarity Potion | 1 | |
| Scroll of Speed | 1 | |
| Healing Salve | 1 | |
3 total

»
SunChipsSuck (
blue | 33 APM | 422 actions | 12:54)
2 Archmage
1 Summon Water Elemental
1 Brilliance Aura
1 Blood Mage
1 Siphon Mana
» actions
| Assign group hotkey | 18 | |
| Build / train | 40 | |
| Enter build submenu | 16 | |
| Enter hero's abilities submenu | 3 | |
| Right click | 92 | |
| Select / deselect | 153 | |
| Select group hotkey | 65 | |
| Use ability | 35 | |
422 total
» units
| Peasant | 8 | |
| Priest | 5 | |
| Dragonhawk Rider | 2 | |
| Sorceress | 2 | |
| Gryphon Rider | 1 | |
18 total
» upgrades
| Masonry | 2 | |
| Lumber Harvesting | 1 | |
| Priest Training | 2 | |
| Sorceress Training | 2 | |
| Swords | 1 | |
| Armor | 1 | |
| Storm Hammers | 1 | |
10 total
» buildings
| Altar of Kings | 1 | |
| Lumber Mill | 1 | |
| Farm | 8 | |
| Arcane Vault | 1 | |
| Keep | 1 | |
| Blacksmith | 1 | |
| Arcane Sanctum | 2 | |
| Gryphon Aviary | 2 | |
| Castle | 4 | |
21 total
» build order
00:27 Altar of Kings
00:39 Lumber Mill
00:56 Farm
01:26 Arcane Vault
01:36 Farm
02:18 Farm
02:37 Keep
02:59 Farm
03:44 Farm
03:59 Blacksmith
04:20 Farm
05:00 Arcane Sanctum
05:03 Arcane Sanctum
05:13 Farm
05:24 Gryphon Aviary
05:27 Gryphon Aviary
06:00 Farm
08:01 Castle
08:01 Castle
08:02 Castle
» items
| Lesser Clarity Potion | 1 | |
| Scroll of Town Portal | 1 | |
2 total
BoOkA (
red | 35 APM | 474 actions | 13:27)
3 Priestess of the Moon
2 Trueshot Aura
1 Searing Arrows
1 Keeper of the Grove
1 Thorns Aura
» actions
| Assign group hotkey | 4 | |
| Basic commands | 53 | |
| Build / train | 46 | |
| Enter build submenu | 16 | |
| Enter hero's abilities submenu | 4 | |
| Remove unit from queue | 3 | |
| Right click | 137 | |
| Select / deselect | 173 | |
| Select group hotkey | 18 | |
| Use ability | 20 | |
474 total
» units
| Wisp | 11 | |
| Archer | 6 | |
| Huntress | 9 | |
| Goblin Shredder | 1 | |
| Chimaera | 2 | |
29 total
» upgrades
| Ultravision | 1 | |
| Upgrade Moon Glaive | 1 | |
| Well Spring | 1 | |
| Strength of the Wild | 2 | |
| Reinforced Hides | 1 | |
6 total
» buildings
| Ancient of War | 1 | |
| Moon Well | 6 | |
| Altar of Elders | 1 | |
| Hunter's Hall | 1 | |
| Ancient of Wonders | 1 | |
| Tree of Ages | 1 | |
| Tree of Eternity | 1 | |
| Ancient of Wind | 1 | |
| Chimaera Roost | 3 | |
16 total
» build order
00:04 Ancient of War
00:08 Moon Well
01:02 Moon Well
01:47 Altar of Elders
02:52 Moon Well
03:22 Hunter's Hall
03:47 Moon Well
04:16 Ancient of Wonders
04:20 Tree of Ages
04:44 Moon Well
06:00 Moon Well
06:52 Tree of Eternity
08:01 Ancient of Wind
09:58 Chimaera Roost
10:49 Chimaera Roost
10:58 Chimaera Roost

»
haguenpolo04 (
orange | 22 APM | 264 actions | 12:04)
2 Shadow Hunter
1 Healing Wave
1 Hex
» actions
| Assign group hotkey | 6 | |
| Basic commands | 2 | |
| Build / train | 48 | |
| Enter build submenu | 14 | |
| Enter hero's abilities submenu | 2 | |
| Right click | 62 | |
| Select / deselect | 80 | |
| Select group hotkey | 31 | |
| Use ability | 19 | |
264 total
» units
| Peon | 11 | |
| Troll Headhunter/Berserker | 19 | |
| Shaman | 6 | |
36 total
» upgrades
| Ranged Weapons | 2 | |
| Armor | 3 | |
| Troll Regeneration | 1 | |
| Shaman Training | 1 | |
7 total
» buildings
| Orc Burrow | 5 | |
| Altar of Storms | 1 | |
| Barracks | 1 | |
| War Mill | 1 | |
| Voodoo Lounge | 1 | |
| Stronghold | 1 | |
| Spirit Lodge | 1 | |
| Fortress | 1 | |
| Great Hall | 1 | |
13 total
» build order
00:25 Orc Burrow
00:40 Altar of Storms
00:57 Barracks
01:27 War Mill
02:06 Voodoo Lounge
02:26 Orc Burrow
03:23 Orc Burrow
04:08 Stronghold
04:27 Orc Burrow
05:53 Orc Burrow
06:42 Spirit Lodge
07:51 Fortress
10:00 Great Hall
Chat log
(00:06 / All) tryingrandom: gl hf
(00:10 / All) tryingrandom: booka, is ur name a reference to Guild War?
(00:16 / All) BoOkA: no
(00:19 / All) BoOkA: electro music
(00:24 / All) BoOkA: minimal style
(00:34 / All) BoOkA: booka shade
(00:44 / Allies) massofwispss: sup?
(00:52 / Allies) talk.oriTK: teching
(00:54 / Allies) talk.oriTK: invis morts :)
(01:00 / Allies) tryingrandom: kk, will harass then
(01:00 / Allies) talk.oriTK: i would really appreciate help in an expo
(01:10 / Allies) talk.oriTK: not fast, just when you ahve time
(01:31 / Allies) tryingrandom: ty ty
(01:34 / Allies) talk.oriTK: np
(03:30 / All) talk.oriTK: lets go pens
(05:27 / Allies) talk.oriTK: someone plz?
(05:32 / Allies) massofwispss: cmin
(06:31 / Allies) massofwispss: gonna get some heal
(06:34 / Allies) talk.oriTK: k
(06:34 / Allies) massofwispss: then help me get other mine
(06:40 / Allies) talk.oriTK: thx forhelp
(07:09 / Allies) talk.oriTK: check there plz
(07:43 / Allies) massofwispss: come green
(07:58 / Allies) massofwispss: take tome
(08:58 / Allies) tryingrandom: teal take expo
(09:47 / Allies) tryingrandom: purple im ocming u be careful
(09:48 / Allies) talk.oriTK: morts going soon
(09:52 / Allies) tryingrandom: but yea sure
(09:52 / Allies) talk.oriTK: ok
(10:12 / Allies) talk.oriTK: teals tand there
(10:33 / Allies) talk.oriTK: here we go morts :) hitting red
(10:35 / Allies) jmastaflex: here?
(10:36 / All) talk.oriTK: red
(10:55 / All) talk.oriTK: red, :)
(11:03 / All) BoOkA: loll
(12:06 / All) talk.oriTK: pink beg for mercy
(12:19 / All) talk.oriTK: fine
(12:57 / All) tryingrandom: gg
(13:00 / All) talk.oriTK: i said beg for merch
(13:02 / All) talk.oriTK: mercy